 Dungeon Sprint DCSS version 0.31.0-12-g77e489cdc1 (webtiles) character file.

Game seed: 17027205302086292332

19101 boopmooplesden the Shatterer (level 12, -11/134 HPs)
             Began as a Minotaur Berserker on Feb 19, 2024.
             Was the Champion of Trog.
             Killed from afar by a tengu conjurer (36 damage)
             ... with a bolt of lightning
             ... in the Dungeon (Sprint IX: "|||||||||||||||||||||||||||||").
             The game lasted 00:04:56 (2116 turns).

boopmooplesden the Shatterer (Minotaur Berserker)   Turns: 2116, Time: 00:04:56

Health: -11/134    AC: 22    Str: 27    XL:     12   Next: 33%
Magic:  11/11      EV: 11    Int:  4    God:    Trog [******]
Gold:   1923       SH:  0    Dex: 10    Spells: 11/11 levels left

rFire   + + .        w - +14 great mace "Haghix" {flame, Will++}
rCold   . . .        (shield currently unavailable)
rNeg    . . .        m - +2 plate armour
rPois   .            (helmet restricted)
rElec   .            y - +0 cloak
rCorr   .            (no gloves)
SInv    .            l - +0 pair of boots
Will    ++...        (no amulet) Stlth
                     A - ring of protection from fire
HPRegen 0.42/turn    r - ring of protection from fire
MPRegen 0.12/turn

%: no teleportation
@: on berserk cooldown, fragile (+50% incoming damage), slowed, very slow
A: horns 2, retaliatory headbutt
a: Renounce Religion, Berserk, Trog's Hand, Brothers in Arms


You were in the Dungeon.
You worshipped Trog.
Trog was exalted by your worship.
You visited 1 branch You collected 1923 gold pieces.

Inventory:

Hand Weapons
 a - a +0 mace
 k - a +2 heavy morningstar
 p - a +1 antimagic dire flail
 v - the +10 great sword "Gacuu" {flame, Fly Str+3}
   (Trog gifted it to you in the Dungeon)

   Str+3:     It affects your strength (+3).
   Fly:       It grants you flight.
 w - the +14 great mace "Haghix" (weapon) {flame, Will++}
   (Trog gifted it to you in the Dungeon)

   Will++:    It greatly increases your willpower.
 D - a +0 triple crossbow of electrocution
Armour
 b - a +0 animal skin
 l - a +0 pair of boots (worn)
 m - a +2 plate armour (worn)
 y - a +0 cloak (worn)
 z - a +0 pair of boots
 E - a +1 pair of gloves
Jewellery
 n - a +2 ring of evasion
 o - a +2 ring of evasion
 r - a ring of protection from fire (right hand)
 A - a ring of protection from fire (left hand)
 B - a ring of protection from fire
 C - a ring of fire
Wands
 j - a wand of light (10)
Scrolls
 h - 2 scrolls of blinking
 q - 2 scrolls of identify
 s - 3 scrolls of fear
 t - 4 scrolls of enchant weapon
 u - a scroll of fog
Potions
 c - 6 potions of curing
 d - 8 potions of heal wounds
 e - 3 potions of haste
 f - 4 potions of magic
 g - 2 potions of berserk rage
 i - a potion of invisibility
 x - a potion of cancellation
 F - a potion of might


   Skills:
 + Level 20.9 Fighting
 + Level 11.8 Long Blades
 + Level 23.0 Maces & Flails
 + Level 15.3 Armour
 + Level 10.7 Dodging
 + Level 1.5 Stealth


You had 11 spell levels left.
You didn't know any spells.
Your spell library was empty.

Dungeon Overview and Level Annotations

Branches:
Dungeon (1/1)

Altars:
Cheibriados
Dithmenos
Elyvilon
Fedhas
Gozag
Hepliaklqana
Kikubaaqudgha
Makhleb
Nemelex Xobeh
Okawaru
Qazlal
Ru
Sif Muna
Trog
Uskayaw
Vehumet
Wu Jian
Xom
Yredelemnul
Zin
The Shining One
Jiyva
Lugonu

Shops:
D *?!(


Innate Abilities, Weirdness & Mutations

You have a pair of horns on your head.
You reflexively headbutt those who attack you in melee.


Message History

You bludgeon the ice dragon!! You burn the ice dragon.
You headbutt the ice dragon.
The ice dragon is heavily wounded.
A deep troll shaman comes into view.
The ice dragon closely misses you. The ice dragon completely misses you.
The ice dragon tramples you!
You stumble backwards!
The deep troll shaman moves out of view.
You barely miss the ice dragon.
The ice dragon is heavily wounded.
The tengu conjurer gestures wildly while chanting.
The tengu conjurer conjures a globe of magical energy!
The ice dragon bites you!
The ice dragon claws you but does no damage.
The ice dragon tramples you.
You stumble backwards!
A battlesphere comes into view.
You hammer the ice dragon like a gong!!!
You burn the ice dragon! Your headbutt misses the ice dragon.
The ice dragon is almost dead.
The ice dragon barely misses you.
The ice dragon claws you but does no damage.
The ice dragon tramples you but does no damage.
You closely miss the ice dragon.
The ice dragon is almost dead.
The ice dragon breathes frost at you. The blast of cold hits you!!!
* * * LOW HITPOINT WARNING * * *
You hear a shout!
You hit the ice dragon. You burn the ice dragon.
The ice dragon is almost dead.
The ice dragon barely misses you. The ice dragon misses you.
The ice dragon tramples you but does no damage.
You beat the ice dragon like a drum!!!
You burn the ice dragon.
You kill the ice dragon!
Trog accepts your kill.
Your Maces & Flails skill increases to level 23!
You feel much better.
The tengu conjurer barely misses you. x2
The tengu conjurer claws you but does no damage.
The tengu conjurer points at you and mumbles some strange words.
The bolt of lightning hits you!!
You die...

▓.▓.▓.▓.▓.▓.▓.▓
▓.▓.▓∩▓.▓?▓.▓.▓
▓T▓.▓.▓.▓)▓.▓)▓
▓Q▓)▓∩▓.▓.▓.▓.▓
▓Q▓.▓.▓.▓.▓.▓.▓
▓*▓.▓∩▓.▓.▓.▓.▓
▓u▓.▓.▓.▓.▓.▓.▓
▓Q▓.▓∩▓.▓.▓.▓[▓
▓@▓.▓.▓.▓.▓.▓.▓
▓.▓.▓.▓.▓.▓.▓)▓
▓.▓.▓.▓.▓.▓.▓?▓
▓)▓.▓)▓.▓.▓.▓.▓
▓)▓.▓)▓.▓÷▓.▓'▓
▓.▓.▓)▓.▓.▓.▓_▓
▓.▓.▓)▓.▓.▓.▓_▓
▓.▓.▓.▓.▓.▓.▓_▓
▓.▓.▓.▓.▓.▓.▓_▓


You could see a red ugly thing, 2 tengu warriors, a deep troll shaman, a tengu
conjurer and a battlesphere (distracted).

Vanquished Creatures
  An ice dragon (D)
  Erolcha (D)
  A catoblepas (D)
  A hydra (D)
  A centaur warrior (D)
  A boulder beetle (D)
  A two-headed ogre (D)
  A deep elf pyromancer (D)
  12 orc knights (D)
  3 cyclopes (D)
  4 ugly things (D)
  A manticore (D)
  4 cane toads (D)
  A rime drake (D)
  2 komodo dragons (D)
  A glass eye (D)
  A troll (D)
  A tyrant leech (D)
  3 blink frogs (D)
  2 wraiths (D)
  2 wyverns (D)
  2 basilisks (D)
  2 water moccasins (D)
  14 orc warriors (D)
  A centaur (D)
  10 bullfrogs (D)
  A scorpion (D)
  A howler monkey (D)
  A hound (D)
  3 orc priests (D)
  An iguana (D)
  3 orc wizards (D)
  6 orcs (D)
  A hobgoblin (D)
  A jackal (D)
  2 quokkas (D)
  A bat (D)
  2 rats (D)
97 creatures vanquished.

Notes
Turn   | Place    | Note
-------+----------+-------------------------------------------
     0 | D        | boopmooplesden the Minotaur Berserker began the quest for
                  | the Orb.
     0 | D        | Reached XP level 1. HP: 19/19 MP: 0/0
     7 | D        | Reached skill level 4 in Maces & Flails
     7 | D        | Reached ** piety under Trog
    16 | D        | Noticed a scorpion
    16 | D        | Noticed a hound
    16 | D        | Noticed an iguana
    17 | D        | Killed an iguana
    18 | D        | Reached skill level 5 in Fighting
    18 | D        | Reached skill level 6 in Maces & Flails
    18 | D        | Reached XP level 2. HP: 30/30 MP: 1/1
    18 | D        | Reached XP level 3. HP: 37/37 MP: 2/2
    23 | D        | Reached *** piety under Trog
    26 | D        | Reached skill level 7 in Maces & Flails
    32 | D        | Killed a scorpion
    33 | D        | Reached skill level 8 in Maces & Flails
    33 | D        | Reached XP level 4. HP: 22/48 MP: 3/3
    41 | D        | Found a snail-covered altar of Cheibriados.
    41 | D        | Found a shadowy altar of Dithmenos.
    41 | D        | Found a white marble altar of Elyvilon.
    41 | D        | Found a blossoming altar of Fedhas.
    41 | D        | Found an opulent altar of Gozag.
    42 | D        | Found a hazy altar of Hepliaklqana.
    43 | D        | Found a viscous altar of Jiyva.
    44 | D        | Found an ancient bone altar of Kikubaaqudgha.
    45 | D        | Found a corrupted altar of Lugonu.
    46 | D        | Found a burning altar of Makhleb.
    47 | D        | Found a sparkling altar of Nemelex Xobeh.
    48 | D        | Found an iron altar of Okawaru.
    49 | D        | Found a stormy altar of Qazlal.
    50 | D        | Found a sacrificial altar of Ru.
    51 | D        | Found a shimmering blue altar of Sif Muna.
    52 | D        | Found a bloodstained altar of Trog.
    53 | D        | Found a hide-covered altar of Uskayaw.
    54 | D        | Found a radiant altar of Vehumet.
    55 | D        | Found an ornate altar of the Wu Jian Council.
    56 | D        | Found a shimmering altar of Xom.
    57 | D        | Found a basalt altar of Yredelemnul.
    58 | D        | Found a glowing silver altar of Zin.
    59 | D        | Found a glowing golden altar of the Shining One.
   334 | D        | Noticed a troll
   334 | D        | Noticed a two-headed ogre
   334 | D        | Noticed a wraith
   334 | D        | Noticed a wraith
   334 | D        | Noticed a wyvern
   336 | D        | Killed a wyvern
   336 | D        | Reached **** piety under Trog
   337 | D        | Reached skill level 10 in Maces & Flails
   337 | D        | Reached skill level 5 in Armour
   337 | D        | Reached skill level 5 in Dodging
   337 | D        | Reached XP level 5. HP: 57/57 MP: 4/4
   337 | D        | Reached XP level 6. HP: 63/63 MP: 5/5
   341 | D        | Killed a wraith
   342 | D        | Reached skill level 10 in Fighting
   342 | D        | Reached skill level 11 in Maces & Flails
   343 | D        | Killed a wraith
   344 | D        | Reached skill level 12 in Maces & Flails
   344 | D        | Reached XP level 7. HP: 73/73 MP: 6/6
   346 | D        | Killed a two-headed ogre
   347 | D        | Reached skill level 14 in Maces & Flails
   347 | D        | Reached XP level 8. HP: 85/85 MP: 7/7
   351 | D        | Killed a troll
   351 | D        | Reached ***** piety under Trog
   430 | D        | Noticed a red ugly thing
   430 | D        | Noticed a cyclops
   430 | D        | Noticed a deep elf pyromancer
   430 | D        | Noticed a cyclops
   430 | D        | Noticed a cyclops
   433 | D        | Killed a cyclops
   434 | D        | Reached skill level 15 in Maces & Flails
   437 | D        | Killed a cyclops
   438 | D        | Reached skill level 16 in Maces & Flails
   438 | D        | Reached XP level 9. HP: 94/94 MP: 8/8
   446 | D        | Killed a cyclops
   450 | D        | Killed a deep elf pyromancer
   451 | D        | Reached skill level 17 in Maces & Flails
   451 | D        | Reached skill level 10 in Dodging
   451 | D        | Killed a red ugly thing
   452 | D        | Reached skill level 15 in Fighting
   452 | D        | Reached skill level 10 in Armour
   453 | D        | Received a gift from Trog
   789 | D        | Noticed a komodo dragon
   792 | D        | Noticed a cane toad
   809 | D        | Killed a komodo dragon
   810 | D        | Reached skill level 18 in Maces & Flails
   810 | D        | Reached XP level 10. HP: 90/107 MP: 3/9
   812 | D        | Killed a cane toad
   812 | D        | Identified the +10 great sword "Gacuu" {flame, Fly Str+3}
                  | (Trog gifted it to you in the Dungeon)
   812 | D        | Received a gift from Trog
   820 | D        | Reached ****** piety under Trog
   944 | D        | Noticed a cane toad
   945 | D        | Noticed a seven-headed hydra
   946 | D        | Reached skill level 1 in Long Blades
   946 | D        | Noticed a cane toad
   955 | D        | Killed a five-headed hydra
   956 | D        | Reached skill level 19 in Maces & Flails
   958 | D        | Killed a cane toad
   960 | D        | Killed a cane toad
   961 | D        | Reached skill level 5 in Long Blades
  1090 | D        | Noticed a cane toad
  1091 | D        | Killed a cane toad
  1096 | D        | Identified the +14 great mace "Haghix" {flame, Will++}
                  | (Trog gifted it to you in the Dungeon)
  1096 | D        | Received a gift from Trog
  1114 | D        | Reached XP level 11. HP: 72/118 MP: 10/10
  1456 | D        | Received a gift from Trog
  1463 | D        | Noticed an orc knight
  1470 | D        | Received a gift from Trog
  1473 | D        | Killed an orc knight
  1519 | D        | Noticed an orc knight
  1519 | D        | Noticed an orc knight
  1519 | D        | Noticed an orc knight
  1521 | D        | Killed an orc knight
  1527 | D        | Killed an orc knight
  1529 | D        | Killed an orc knight
  1529 | D        | Received a gift from Trog
  1530 | D        | Reached skill level 10 in Long Blades
  1581 | D        | Found Naireax's Weapon Boutique.
  1581 | D        | Noticed an orc knight
  1581 | D        | Noticed an orc knight
  1581 | D        | Noticed an orc knight
  1581 | D        | Noticed an orc knight
  1583 | D        | Received a gift from Trog
  1586 | D        | Killed an orc knight
  1590 | D        | Killed an orc knight
  1591 | D        | Reached skill level 20 in Maces & Flails
  1593 | D        | Killed an orc knight
  1603 | D        | Killed an orc knight
  1614 | D        | Found Gytruk's Distillery.
  1618 | D        | Found Qaraovaru's Magic Scroll Boutique.
  1622 | D        | Found Renkup's General Store.
  1643 | D        | Noticed an orc knight
  1644 | D        | Noticed an orc knight
  1645 | D        | Noticed an orc knight
  1692 | D        | Killed an orc knight
  1697 | D        | Killed an orc knight
  1700 | D        | Received a gift from Trog
  1736 | D        | Noticed an orc knight
  1742 | D        | Killed an orc knight
  1743 | D        | Reached skill level 21 in Maces & Flails
  1743 | D        | Reached skill level 1 in Stealth
  1744 | D        | Killed an orc knight
  1924 | D        | Noticed Erolcha
  1947 | D        | Killed Erolcha
  2071 | D        | Noticed a purple ugly thing
  2071 | D        | Noticed a brown ugly thing
  2071 | D        | Noticed a cyan ugly thing
  2071 | D        | Noticed a boulder beetle
  2071 | D        | Noticed a centaur warrior
  2075 | D        | Noticed a catoblepas
  2076 | D        | Killed a centaur warrior
  2077 | D        | Reached XP level 12. HP: 133/133 MP: 11/11
  2078 | D        | Killed a boulder beetle
  2078 | D        | Received a gift from Trog
  2082 | D        | Reached skill level 22 in Maces & Flails
  2086 | D        | Reached skill level 15 in Armour
  2088 | D        | Noticed an ice dragon
  2090 | D        | Killed a catoblepas
  2099 | D        | Noticed a tengu warrior
  2107 | D        | Noticed a tengu warrior
  2110 | D        | Noticed a deep troll shaman
  2115 | D        | Killed an ice dragon
  2116 | D        | Reached skill level 23 in Maces & Flails
  2116 | D        | Killed from afar by a tengu conjurer

Illustrated notes

Levels and vault maps discovered:
D:        linesprint [early_d, line_temple, items_1, d_10, items_2, lair_1,
          lair_end, items_3, orc_1, orc_end, items_4, d_15, swamp_1, shoals_1,
          snake_1, spider_1, d_20, vaults_1, items_5, swamp_end, shoals_end,
          snake_end, spider_end, vaults_end, d_27, items_6, zot_1, zot_end,
          crypt_end, forest_end, elf_end, slime_end, tomb_end, abyss_end,
          pan_hell_end]

Skill      XL: |  1  2  3  4  5  6  7  8  9 10 11 12 |
---------------+-------------------------------------+-----
Fighting       | 5 7 9 10 12 13 15 17 20 | 20.9
Maces & Flails | 6 8 10 12 14 16 18 19 21 23 | 23.0
Armour         | 3 4 5 6 7 8 10 12 14 15 | 15.3
Dodging        | 3 4 5 7 8 9 10 | 10.7
Long Blades    | 7 11 | 11.8
Stealth        | 1 |  1.5

Action                     |  1- 3 |  4- 6 |  7- 9 | 10-12 || total
---------------------------+-------+-------+-------+-------++-------
  Melee: Mace              |    22 |     2 |       |       ||    24
         Headbutt          |     6 |     1 |    12 |    18 ||    37
         Morningstar       |       |     8 |    25 |       ||    33
         Dire flail        |       |       |    24 |     7 ||    31
         Great sword       |       |       |       |    41 ||    41
         Great mace        |       |       |       |   109 ||   109
 Invoke: Berserk           |       |     1 |     1 |     5 ||     7
    Use: Scroll            |       |       |       |     3 ||     3
         Potion            |       |       |       |     3 ||     3
   Stab: Petrified         |       |       |       |     1 ||     1
 Armour: Animal skin       |    12 |     1 |       |       ||    13
         Plate armour      |       |     3 |    31 |    72 ||   106
  Dodge: Dodged            |    13 |     6 |    25 |    71 ||   115
